 Dungeon Crawl Stone Soup version 0.30-b1-2-g02819fbbbe (webtiles) character file.

Game seed: 2121379847547963157

511 Fartwhistle the Skirmisher (level 7, -4/56 HPs)
             Began as a Gnoll Hunter on Oct 24, 2023.
             Killed from afar by a gnoll (12 damage)
             ... with a puff of flame
             ... on level 3 of the Dungeon.
             The game lasted 00:05:47 (2974 turns).

Fartwhistle the Skirmisher (Gnoll Hunter)           Turns: 2974, Time: 00:05:48

Health: -4/56      AC:  5    Str: 10    XL:     7   Next: 19%
Magic:  10/10      EV: 14    Int: 10    God:
Gold:   100        SH:  0    Dex: 16    Spells: 10/10 levels left

rFire   . . .        s - +4 whip (elec)
rCold   . . .        (no shield)
rNeg    . . .        c - +0 leather armour
rPois   .            (no helmet)
rElec   .            (no cloak)
rCorr   .            q - +0 pair of gloves
SInv    .            h - +0 pair of boots
Will    .....        (no amulet)
Stlth   ++           (no ring)
HPRegen 0.29/turn    (no ring)
MPRegen 0.12/turn

%: no passive effects
@: no status effects
A: fangs 1, strong nose, distributed training
a: no special abilities


You were on level 3 of the Dungeon.
You visited 1 branch of the dungeon, and saw 3 of its levels.

You collected 100 gold pieces.

Inventory:

Hand Weapons
 a - a +1 shortbow
 k - a +2 whip of draining
 s - a +4 whip of electrocution (weapon)
Armour
 c - a +0 leather armour (worn)
 h - a +0 pair of boots (worn)
 q - a +0 pair of gloves (worn)
Jewellery
 m - an amulet of magic regeneration
Scrolls
 b - 2 scrolls of immolation
 e - a scroll of fog {unknown}
 f - a scroll of teleportation
 i - a scroll of acquirement {unknown}
 l - a scroll of blinking {unknown}
 o - 2 scrolls of enchant weapon
 p - 2 scrolls of magic mapping
 r - a scroll of poison {unknown}
Potions
 d - 7 potions of curing
 n - a potion of might {unknown}


   Skills:
 + Level 5.2 Fighting
 + Level 2.4 Short Blades
 + Level 2.4 Long Blades
 + Level 2.4 Axes
 + Level 2.4 Maces & Flails
 + Level 2.4 Polearms
 + Level 2.4 Staves
 + Level 8.9 Ranged Weapons
 + Level 2.4 Throwing
 + Level 2.4 Armour
 + Level 5.2 Dodging
 + Level 3.4 Stealth
 + Level 2.4 Shields
 + Level 2.4 Unarmed Combat
 + Level 2.4 Spellcasting
 + Level 2.0 Conjurations
 + Level 2.0 Hexes
 + Level 2.0 Summonings
 + Level 2.0 Necromancy
 + Level 2.0 Translocations
 + Level 2.0 Transmutations
 + Level 2.0 Fire Magic
 + Level 2.0 Ice Magic
 + Level 2.0 Air Magic
 + Level 2.0 Earth Magic
 + Level 2.0 Poison Magic
 + Level 2.7 Invocations
 + Level 2.4 Evocations


You had 10 spell levels left.
You didn't know any spells.
Your spell library contained the following spells:

 Spells                   Type           Power      Damage    Failure   Level
 Anguish                  Hex/Necr       2%         N/A       86%         4
 Cause Fear               Hex            2%         N/A       86%         4
 Enfeeble                 Hex            2%         N/A       100%        7


Dungeon Overview and Level Annotations

Branches:
Dungeon (3/15)

Altars:
Nemelex Xobeh


Innate Abilities, Weirdness & Mutations

You have very sharp teeth.
Your uncanny sense of smell can sniff out nearby items.
Your experience applies equally to all skills.


Message History

You barely miss the gnoll. Your bite misses the gnoll. The gnoll misses you.
The orc hits you from afar with a +0 trident!
* * * LOW HITPOINT WARNING * * *
You hit the gnoll. Lightning courses through the gnoll!
You kill the gnoll!
The orc hits you from afar with a +0 trident.
* * * LOW HITPOINT WARNING * * *
The orc hits you with a +0 trident.
* * * LOW HITPOINT WARNING * * *
There is an open door, spattered with blood here.
Items here: ! ( ))) [ ††.
You feel better. The orc closely misses you.
You closely miss the orc.
The gnoll shouts!
The orc hits you with a +0 trident.
* * * LOW HITPOINT WARNING * * *
You hear a shout!
You feel much better.
The gnoll throws a throwing net.
The throwing net hits you.
You become entangled in the net!
The orc hits you with a +0 trident.
You are too injured to fight recklessly!
You struggle against the net.
The gnoll zaps a wand.
The puff of flame hits you!
A gnoll comes into view. It is wielding a +0 club.
The orc barely misses you.
You struggle against the net.
The orc hits you with a +0 trident!
* * * LOW HITPOINT WARNING * * *
You shred the net and break free! The gnoll barely misses you.
The orc barely misses you.
The gnoll zaps a wand.
The puff of flame misses you. The orc completely misses you.
Unknown command.
The gnoll zaps a wand.
The puff of flame hits you.
* * * LOW HITPOINT WARNING * * *
The orc hits you from afar with a +0 trident.
* * * LOW HITPOINT WARNING * * *
Things that are here:
a +0 short sword; a +0 leather armour The gnoll zaps a wand.
The puff of flame hits you!
You die...

#################################
#......P.........................
#..............P........†........
#....~~≈~~~~≈~~~~~~≈~~≈≈≈~~~~~~~~
#....≈≈≈≈≈≈≈≈~≈≈≈≈≈≈≈~≈≈≈~≈≈≈≈≈~~
#....≈≈#####~~~~≈≈~~~~≈~~~~~~≈†≈~
#....~≈#...#.....................
#....~≈#...######################
#....~~###'#....@.)......#
#....~≈≈.#.#....###g######
#....~≈~.#.#....#.#).......
#....~≈~.#.###)##.#..g..g..
#....~~~.#......#.#........
#.P..~~~.#..)...#.'........
#....≈≈~.#.######################
#....~≈≈.#.#.).........#....#....
#....≈≈~.#)'.....)..).g'g.).'....


You could see a gnoll.

Vanquished Creatures
  A water moccasin (D:3)
  2 hounds (D:3)
  An orc priest (D:3)
  15 gnolls
  3 adders
  2 worms
  2 dart slugs (D:1)
  23 orcs (D:3)
  6 ball pythons
  6 endoplasms
  2 giant cockroaches
  5 hobgoblins
  16 jackals
  5 kobolds
  A quokka (D:1)
  8 bats
  5 frilled lizards
  6 goblins
  4 rats
113 creatures vanquished.

Vanquished Creatures (others)
  2 plants (D:3)
2 creatures vanquished.

Grand Total: 115 creatures vanquished

Notes
Turn   | Place    | Note
-------+----------+-------------------------------------------
     0 | D:1      | Fartwhistle the Gnoll Hunter began the quest for the Orb.
     0 | D:1      | Reached XP level 1. HP: 20/20 MP: 1/1
   256 | D:1      | Reached XP level 2. HP: 26/26 MP: 2/2
   662 | D:2      | Reached XP level 3. HP: 23/31 MP: 2/4
   773 | D:2      | Reached skill level 1 in Invocations
   775 | D:2      | Reached skill level 1 in Short Blades
   775 | D:2      | Reached skill level 1 in Long Blades
   775 | D:2      | Reached skill level 1 in Axes
   775 | D:2      | Reached skill level 1 in Maces & Flails
   775 | D:2      | Reached skill level 1 in Polearms
   775 | D:2      | Reached skill level 1 in Staves
   775 | D:2      | Reached skill level 1 in Throwing
   775 | D:2      | Reached skill level 1 in Armour
   775 | D:2      | Reached skill level 1 in Shields
   775 | D:2      | Reached skill level 1 in Unarmed Combat
   775 | D:2      | Reached skill level 1 in Spellcasting
   775 | D:2      | Reached skill level 1 in Evocations
   776 | D:2      | Reached XP level 4. HP: 38/38 MP: 5/5
   860 | D:2      | Reached skill level 1 in Conjurations
   860 | D:2      | Reached skill level 1 in Hexes
   860 | D:2      | Reached skill level 1 in Summonings
   860 | D:2      | Reached skill level 1 in Necromancy
   860 | D:2      | Reached skill level 1 in Translocations
   860 | D:2      | Reached skill level 1 in Transmutations
   860 | D:2      | Reached skill level 1 in Fire Magic
   860 | D:2      | Reached skill level 1 in Ice Magic
   860 | D:2      | Reached skill level 1 in Air Magic
   860 | D:2      | Reached skill level 1 in Earth Magic
   860 | D:2      | Reached skill level 1 in Poison Magic
  1841 | D:3      | Reached XP level 5. HP: 43/43 MP: 7/7
  1935 | D:3      | Found a sparkling altar of Nemelex Xobeh.
  2003 | D:3      | Reached XP level 6. HP: 43/50 MP: 8/8
  2041 | D:3      | Reached skill level 5 in Fighting
  2041 | D:3      | Reached skill level 5 in Dodging
  2470 | D:3      | Noticed a water moccasin
  2521 | D:3      | Killed a water moccasin
  2689 | D:3      | Reached XP level 7. HP: 56/56 MP: 10/10
  2974 | D:3      | Killed from afar by a gnoll

Illustrated notes

Levels and vault maps discovered:
D:1:      dpeg_arrival_refuge, layout_loops_ring
D:2:      layout_basic, serial_forest, infiniplex_forest_zigzag_1,
          infiniplex_forest_side_room, infiniplex_forest_corner_1,
          infiniplex_forest_clump_C
D:3:      lemuel_castle_with_subvaults [lemuel_castle_interior_carwin_1],
          layout_loops_ring, nemelex_xobeh_ov_fountains_minmay,
          shapermc_ecumenical_altar_flowoftime

Skill      XL: |  1  2  3  4  5  6  7 |
---------------+----------------------+-----
Invocations    | 1 2 |  2.7
Short Blades   | 1 2 |  2.4
Long Blades    | 1 2 |  2.4
Axes           | 1 2 |  2.4
Maces & Flails | 1 2 |  2.4
Polearms       | 1 2 |  2.4
Staves         | 1 2 |  2.4
Throwing       | 1 2 |  2.4
Armour         | 1 2 |  2.4
Shields        | 1 2 |  2.4
Unarmed Combat | 1 2 |  2.4
Spellcasting   | 1 2 |  2.4
Evocations     | 1 2 |  2.4
Conjurations   | 1 2 |  2.0
Hexes          | 1 2 |  2.0
Summonings     | 1 2 |  2.0
Necromancy     | 1 2 |  2.0
Translocations | 1 2 |  2.0
Transmutations | 1 2 |  2.0
Fire Magic     | 1 2 |  2.0
Ice Magic      | 1 2 |  2.0
Air Magic      | 1 2 |  2.0
Earth Magic    | 1 2 |  2.0
Poison Magic   | 1 2 |  2.0
Stealth        | 3 |  3.4
Fighting       | 5 |  5.2
Dodging        | 5 |  5.2
Ranged Weapons | |  8.9

Action                     |  1- 3 |  4- 6 |  7- 9 || total
---------------------------+-------+-------+-------++-------
  Melee: Whip              |       |     7 |     5 ||    12
         Bite              |       |     1 |     1 ||     2
   Fire: Shortbow          |    63 |   201 |    42 ||   306
    Use: Scroll            |       |     4 |     1 ||     5
         Potion            |       |     1 |     2 ||     3
 Armour: Leather armour    |     5 |    20 |     2 ||    27
  Dodge: Dodged            |    14 |    59 |    24 ||    97
